SA
DELAWARE 1787 BC @ CALDWELL CHIEFS
08/08/2041
 
TOP OF THE 1ST
Delaware 1787 BC batting - Pitching for Caldwell Chiefs : RHP Martín Galindo
Pitching: RHP Martín Galindo
Batting: RHB Jerry Scott 0-0: SINGLE (Flyball, 6MD, EV 94.4 MPH)
Batting: RHB César Ferreira 0-0: Ball
1-0: Ball
2-0: Foul Ball, location: 2F
2-1: Swinging Strike
2-2: Foul Ball, location: 2F
2-2: Foul Ball, location: 2F
2-2: Ground out 6-3 (Groundball, 6M, EV 80.6 MPH)
Jerry Scott to second
Batting: LHB Jorge Quilez 0-0: Ball
Jerry Scott steals 3rd base
1-0: SINGLE (Line Drive, 6M, EV 100.6 MPH)
Jerry Scott scores
Batting: RHB Zhong-yan Zhang 0-0: Ball
1-0: Ball
Jorge Quilez is caught stealing 2nd base 2-4
2-0: Swinging Strike
2-1: Ball
3-1: Base on Balls
Batting: RHB Eduardo Lucciardi 0-0: Ball
Zhong-yan Zhang is caught stealing 2nd base 2-4
Top of the 1st over - 1 run, 2 hits, 0 errors, 0 left on base; Delaware 1 - Caldwell 0
BOTTOM OF THE 1ST
Caldwell Chiefs batting - Pitching for Delaware 1787 BC : RHP Jay Newton
Pitching: RHP Jay Newton
Batting: LHB John Kersey 0-0: Fly out, F8 (Flyball, 89D, EV 87.5 MPH)
Batting: LHB Jorge Napolez 0-0: Ball
1-0: DOUBLE (Line Drive, 7LM, EV 104.4 MPH)
Batting: LHB Rafael Martínez 0-0: 2-RUN HOME RUN (Flyball, 9D, EV 94.4 MPH), Distance : 362 ft
Batting: RHB Daniel Marley 0-0: SINGLE (Line Drive, 89M, EV 96.9 MPH)
Batting: RHB Kane Felton 0-0: SINGLE (Line Drive, 3L, EV 98.8 MPH)
Daniel Marley to second
Runner from 2nd tries for 3rd, SAFE, throw by RF made to third
Batting: RHB Bastien Oudin 0-0: Called Strike
0-1: Ball
1-1: Called Strike
1-2: Foul Ball, location: 2F
1-2: SINGLE (Groundball, 6MD, EV 108.8 MPH)
Daniel Marley scores
Kane Felton to second
Batting: RHB Kuan Pi 0-0: Fly out, F7 (Flyball, 7, EV 85.6 MPH)
Batting: RHB Dan Babauta 0-0: Ball
1-0: Called Strike
1-1: Foul Ball, location: 2F
1-2: Foul Ball, location: 2F
1-2: Foul Ball, location: 2F
1-2: Fielders Choice at 2nd, 6-4 (Groundball, 6, EV 85.6 MPH)
Bottom of the 1st over - 3 runs, 5 hits, 0 errors, 2 left on base; Delaware 1 - Caldwell 3
TOP OF THE 2ND
Delaware 1787 BC batting - Pitching for Caldwell Chiefs : RHP Martín Galindo
Batting: RHB Eduardo Lucciardi 0-0: Called Strike
0-1: Foul Ball, location: 2F
0-2: Ball
1-2: Ground out 5-3 (Groundball, 5, EV 83.1 MPH)
Batting: RHB Justin Schock 0-0: Swinging Strike
0-1: Ball
1-1: Ball
2-1: Called Strike
2-2: Foul Ball, location: 2F
2-2: Strikes out swinging
Batting: RHB Jaime López 0-0: Called Strike
0-1: Ball
1-1: Ball
2-1: Ball
3-1: Foul Ball, location: 2F
3-2: Foul Ball, location: 2F
3-2: Base on Balls
Batting: RHB Mike Williams 0-0: Ball
Jaime López steals 2nd base
1-0: Called Strike
1-1: Swinging Strike
1-2: Strikes out looking
Top of the 2nd over - 0 runs, 0 hits, 0 errors, 1 left on base; Delaware 1 - Caldwell 3
BOTTOM OF THE 2ND
Caldwell Chiefs batting - Pitching for Delaware 1787 BC : RHP Jay Newton
Batting: RHB Derrick Davis 0-0: SINGLE (Line Drive, 6M, EV 101.9 MPH)
Batting: LHB John Kersey 0-0: Foul Ball, location: 2F
0-1: Swinging Strike
0-2: Ball
1-2: Ball
2-2: Foul Ball, location: 2F
2-2: Ball
3-2: Fielders Choice at 2nd, 1-6 (Groundball, 34S, EV 64.4 MPH)
Batting: LHB Jorge Napolez 0-0: Reached on error, E6 (Groundball, 6M, EV 101.9 MPH)
John Kersey to second
Batting: LHB Rafael Martínez 0-0: Ball
1-0: Called Strike
1-1: Ball
2-1: SINGLE (Flyball, 6MD, EV 90.0 MPH)
John Kersey to third
Jorge Napolez to second
Runner from 3rd tries for Home, SAFE, no throw by CF
Batting: RHB Daniel Marley 0-0: Grounds into double play, 6-4-3 (Groundball, 6, EV 80.6 MPH)
Bottom of the 2nd over - 1 run, 2 hits, 1 error, 1 left on base; Delaware 1 - Caldwell 4
TOP OF THE 3RD
Delaware 1787 BC batting - Pitching for Caldwell Chiefs : RHP Martín Galindo
Batting: RHB Walt Reed 0-0: Ball
1-0: Called Strike
1-1: Ball
2-1: Fly out, F8 (Flyball, 8RD, EV 89.4 MPH)
Batting: RHB Jerry Scott 0-0: Ground out 5-3 (Groundball, 56, EV 100.0 MPH)
Batting: RHB César Ferreira 0-0: Ball
1-0: Ball
2-0: Foul Ball, location: 2F
2-1: Ball
3-1: Base on Balls
Batting: LHB Jorge Quilez 0-0: Ball
1-0: DOUBLE (Line Drive, 78M, EV 111.2 MPH)
César Ferreira to third
Batting: RHB Zhong-yan Zhang 0-0: Foul Ball, location: 2F
0-1: Fly out, F8 (Flyball, 89S, EV 78.1 MPH)
Top of the 3rd over - 0 runs, 1 hit, 0 errors, 2 left on base; Delaware 1 - Caldwell 4
BOTTOM OF THE 3RD
Caldwell Chiefs batting - Pitching for Delaware 1787 BC : RHP Jay Newton
Batting: RHB Kane Felton 0-0: Ball
1-0: Ground out 6-3 (Groundball, 6, EV 98.8 MPH)
Batting: RHB Bastien Oudin 0-0: Fly out, F8 (Line Drive, 8RM, EV 98.8 MPH)
Batting: RHB Kuan Pi 0-0: Ball
1-0: Ball
2-0: Called Strike
2-1: Foul Ball, location: 2F
2-2: Strikes out swinging
Bottom of the 3rd over - 0 runs, 0 hits, 0 errors, 0 left on base; Delaware 1 - Caldwell 4
TOP OF THE 4TH
Delaware 1787 BC batting - Pitching for Caldwell Chiefs : RHP Martín Galindo
Batting: RHB Eduardo Lucciardi 0-0: Called Strike
0-1: Ball
1-1: Fly out, F9 (Flyball, 9LMF, EV 91.9 MPH)
Batting: RHB Justin Schock 0-0: Called Strike
0-1: Ball
1-1: Ball
2-1: Swinging Strike
2-2: Strikes out swinging
Batting: RHB Jaime López 0-0: Ground out 5-3 (Groundball, 5, EV 90.6 MPH)
Top of the 4th over - 0 runs, 0 hits, 0 errors, 0 left on base; Delaware 1 - Caldwell 4
BOTTOM OF THE 4TH
Caldwell Chiefs batting - Pitching for Delaware 1787 BC : RHP Jay Newton
Batting: RHB Dan Babauta 0-0: Swinging Strike
0-1: Swinging Strike
0-2: Strikes out swinging
Batting: RHB Derrick Davis 0-0: Ball
1-0: Foul Ball, location: 2F
1-1: Called Strike
1-2: Strikes out swinging
Batting: LHB John Kersey 0-0: Called Strike
0-1: Fly out, F9 (Flyball, 9S, EV 70.6 MPH)
Bottom of the 4th over - 0 runs, 0 hits, 0 errors, 0 left on base; Delaware 1 - Caldwell 4
TOP OF THE 5TH
Delaware 1787 BC batting - Pitching for Caldwell Chiefs : RHP Martín Galindo
Batting: RHB Mike Williams 0-0: Ground out 6-3 (Groundball, 6, EV 90.6 MPH)
Batting: RHB Walt Reed 0-0: Ball
1-0: Called Strike
1-1: Called Strike
1-2: Strikes out swinging
Batting: RHB Jerry Scott 0-0: Ball
1-0: Called Strike
1-1: Ball
2-1: Fly out, F8 (Flyball, 8RM, EV 91.2 MPH)
Top of the 5th over - 0 runs, 0 hits, 0 errors, 0 left on base; Delaware 1 - Caldwell 4
BOTTOM OF THE 5TH
Caldwell Chiefs batting - Pitching for Delaware 1787 BC : RHP Jay Newton
Batting: LHB Jorge Napolez 0-0: Ball
1-0: Swinging Strike
1-1: Foul Ball, location: 2F
1-2: Ground out 3-1 (Groundball, 34, EV 83.8 MPH)
Batting: LHB Rafael Martínez 0-0: Called Strike
0-1: Foul Ball, location: 2F
0-2: Foul Ball, location: 2F
0-2: Foul Ball, location: 2F
0-2: Foul Ball, location: 2F
0-2: Foul Ball, location: 2F
0-2: Ball
1-2: Ball
2-2: Foul Ball, location: 2F
2-2: Ball
3-2: Fly out, F3 (Popup, 3SF, EV 69.4 MPH)
Batting: RHB Daniel Marley 0-0: Foul Ball, location: 2F
0-1: Foul Ball, location: 2F
0-2: Ball
1-2: Ball
2-2: Strikes out swinging
Bottom of the 5th over - 0 runs, 0 hits, 0 errors, 0 left on base; Delaware 1 - Caldwell 4
TOP OF THE 6TH
Delaware 1787 BC batting - Pitching for Caldwell Chiefs : RHP Martín Galindo
Batting: RHB César Ferreira 0-0: DOUBLE (Line Drive, 78D, EV 108.1 MPH)
Batting: LHB Jorge Quilez 0-0: Ground out 6-3 (Groundball, 6M, EV 92.5 MPH)
César Ferreira to third
Batting: RHB Zhong-yan Zhang 0-0: SINGLE (Groundball, 6MD, EV 95.6 MPH)
César Ferreira scores
Batting: RHB Eduardo Lucciardi 0-0: Ball
1-0: Reached on error, E1 (Groundball, 34S, EV 71.2 MPH)
Zhong-yan Zhang to second
Batting: RHB Justin Schock 0-0: Called Strike
0-1: Ball
Zhong-yan Zhang steals 3rd, throwing error, E2
Zhong-yan Zhang scores
Eduardo Lucciardi to third
1-1: Swinging Strike
1-2: SINGLE (Groundball, 56D, EV 101.9 MPH)
Eduardo Lucciardi scores
Batting: RHB Jaime López 0-0: Foul Ball, location: 2F
0-1: Ball
1-1: Grounds into double play, 6-4-3 (Groundball, 6M, EV 108.8 MPH)
Top of the 6th over - 3 runs, 3 hits, 2 errors, 0 left on base; Delaware 4 - Caldwell 4
BOTTOM OF THE 6TH
Caldwell Chiefs batting - Pitching for Delaware 1787 BC : RHP Jay Newton
Batting: RHB Kane Felton 0-0: Swinging Strike
0-1: Called Strike
0-2: Ball
1-2: Foul Ball, location: 2F
1-2: Strikes out looking
Batting: RHB Bastien Oudin 0-0: Ball
1-0: Called Strike
1-1: Ball
2-1: Called Strike
2-2: Strikes out swinging
Batting: RHB Kuan Pi 0-0: Ball
1-0: Called Strike
1-1: Ball
2-1: Ball
3-1: Base on Balls
Batting: RHB Dan Babauta 0-0: Called Strike
0-1: Ball
1-1: SINGLE (Groundball, 56S, EV 68.1 MPH) (infield hit)
Kuan Pi to second
Batting: RHB Derrick Davis 0-0: Called Strike
0-1: Ball
1-1: Ball
2-1: Called Strike
2-2: SINGLE (Line Drive, 3D, EV 95.0 MPH)
Kuan Pi to third
Dan Babauta to second
Runner from 3rd tries for Home, SAFE, no throw by RF
Batting: LHB John Kersey 0-0: Ball
1-0: Fielders Choice at 2nd, 6-4 (Groundball, 6, EV 88.1 MPH)
Bottom of the 6th over - 1 run, 2 hits, 0 errors, 2 left on base; Delaware 4 - Caldwell 5
TOP OF THE 7TH
Delaware 1787 BC batting - Pitching for Caldwell Chiefs : RHP Martín Galindo
Batting: RHB Mike Williams 0-0: Ball
1-0: Foul Ball, location: 2F
1-1: SINGLE (Groundball, 6MD, EV 100.0 MPH)
Batting: RHB Walt Reed 0-0: Ball
1-0: Foul Ball, location: 2F
1-1: Ball
2-1: Ball
3-1: Fly out, F7 (Line Drive, 7, EV 88.1 MPH)
Batting: RHB Jerry Scott 0-0: Swinging Strike
0-1: Foul Ball, location: 2F
0-2: Strikes out swinging
Pinch Hitting: LHB Joey Terry 0-0: Ball
1-0: Called Strike
1-1: Foul Ball, location: 2F
1-2: Ball
2-2: Strikes out swinging
Top of the 7th over - 0 runs, 1 hit, 0 errors, 1 left on base; Delaware 4 - Caldwell 5
BOTTOM OF THE 7TH
Caldwell Chiefs batting - Pitching for Delaware 1787 BC : RHP Jay Newton
Now at 1B: Joey Terry
Batting: LHB Jorge Napolez 0-0: Ball
1-0: Ground out 3-1 (Groundball, 34, EV 78.1 MPH)
Batting: LHB Rafael Martínez 0-0: Swinging Strike
0-1: Called Strike
0-2: Ball
1-2: Strikes out swinging
Batting: RHB Daniel Marley 0-0: Ball
1-0: Ball
2-0: Ball
3-0: Base on Balls
Pitching: RHP Ron Plummer
Batting: RHB Kane Felton 0-0: Ball
1-0: Ball
2-0: Called Strike
2-1: Swinging Strike
2-2: Strikes out swinging
Bottom of the 7th over - 0 runs, 0 hits, 0 errors, 1 left on base; Delaware 4 - Caldwell 5
TOP OF THE 8TH
Delaware 1787 BC batting - Pitching for Caldwell Chiefs : RHP Martín Galindo
Pitching: RHP Rubén Medina
Batting: LHB Jorge Quilez 0-0: Called Strike
0-1: Foul Ball, location: 2F
0-2: Strikes out swinging
Batting: RHB Zhong-yan Zhang 0-0: Called Strike
0-1: Ball
1-1: Ball
2-1: Swinging Strike
2-2: Strikes out swinging
Batting: RHB Eduardo Lucciardi 0-0: Called Strike
0-1: SINGLE (Groundball, 6MD, EV 103.1 MPH)
Pinch Hitting: LHB Travis Gilliam 0-0: Called Strike
0-1: Swinging Strike
0-2: Strikes out swinging
Top of the 8th over - 0 runs, 1 hit, 0 errors, 1 left on base; Delaware 4 - Caldwell 5
BOTTOM OF THE 8TH
Caldwell Chiefs batting - Pitching for Delaware 1787 BC : RHP Ron Plummer
Now at 3B: José Moreno
Batting: RHB Bastien Oudin 0-0: Ball
1-0: Ball
2-0: Called Strike
2-1: SINGLE (Line Drive, 34, EV 97.5 MPH)
Batting: RHB Kuan Pi 0-0: Ball
1-0: Ball
2-0: Called Strike
2-1: Ball
3-1: Base on Balls
Bastien Oudin to second
Batting: RHB Dan Babauta 0-0: Ball
1-0: Foul Ball, location: 2F
1-1: Ball
2-1: Swinging Strike
2-2: Ball
3-2: Strikes out swinging
Batting: RHB Derrick Davis 0-0: 3-RUN HOME RUN (Flyball, 78XD, EV 98.1 MPH), Distance : 427 ft
Pitching: LHP Mike Rowe
Batting: LHB John Kersey 0-0: Ball
1-0: Ball
2-0: Ball
3-0: Called Strike
3-1: Foul Ball, location: 2F
3-2: SINGLE (Line Drive, 56D, EV 94.4 MPH)
Batting: LHB Jorge Napolez 0-0: Swinging Strike
0-1: Ball
1-1: Swinging Strike
1-2: Ball
2-2: Strikes out swinging
Batting: LHB Rafael Martínez 0-0: Ball
1-0: Ball
2-0: Swinging Strike
2-1: Swinging Strike
2-2: Ball
3-2: Foul Ball, location: 2F
3-2: Foul Ball, location: 2F
3-2: Strikes out looking
Bottom of the 8th over - 3 runs, 3 hits, 0 errors, 1 left on base; Delaware 4 - Caldwell 8
TOP OF THE 9TH
Delaware 1787 BC batting - Pitching for Caldwell Chiefs : RHP Rubén Medina
Batting: RHB Jaime López 0-0: Ball
1-0: Called Strike
1-1: Foul Ball, location: 2F
1-2: Ball
2-2: Strikes out swinging
Batting: RHB Mike Williams 0-0: Foul Ball, location: 2F
0-1: Ball
1-1: Ground out 6-3 (Groundball, 56, EV 90.0 MPH)
Batting: RHB Walt Reed 0-0: Ball
1-0: SINGLE (Line Drive, 78S, EV 111.9 MPH)
Batting: RHB Jerry Scott 0-0: Ball
1-0: Ball
2-0: Foul Ball, location: 2F
2-1: Swinging Strike
2-2: Strikes out swinging
Top of the 9th over - 0 runs, 1 hit, 0 errors, 1 left on base; Delaware 4 - Caldwell 8
Tuesday, January 5th, 2021 - OOTP Baseball 20.8 Build 74